TOP OF THE 1ST |
Mt Pleasant Bearcats batting - Pitching for Reading Rainbows : LHP Tomás López
|
Pitching: LHP Tomás López
|
|
Batting: RHB Yasutoki Kojima
|
0-0: Ball 1-0: Called Strike 1-1: Ball 2-1: Ball 3-1: Base on Balls
|
Batting: RHB Ramiro Chávez
|
0-0: Called Strike 0-1: Called Strike Yasutoki Kojima steals 2nd base 0-2: Ball 1-2: Ground out 2-3 (Groundball, 25) Yasutoki Kojima to third
|
Batting: RHB Patrick Potts
|
0-0: Called Strike 0-1: Ball 1-1: Foul Ball, location: 2F 1-2: Foul Ball, location: 2F 1-2: Ground out 6-3 (Groundball, 56) Yasutoki Kojima scores
|
Batting: SHB William Hamilton
|
0-0: Ball 1-0: Ball 2-0: Called Strike 2-1: Swinging Strike 2-2: DOUBLE (Flyball, 7D)
|
Batting: RHB Ricardo Salazar
|
0-0: Called Strike 0-1: Ball 1-1: Foul Ball, location: 2F 1-2: Strikes out looking
|
Top of the 1st over - 1 run(s), 1 hit(s), 0 error(s), 1 left on base; Mt Pleasant 1 - Reading 0 |
BOTTOM OF THE 1ST |
Reading Rainbows batting - Pitching for Mt Pleasant Bearcats : LHP Júlio Gracía
|
Pitching: LHP Júlio Gracía
|
|
Batting: LHB Alfonso Ruíz
|
0-0: Ground out 6-3 (Groundball, 6M)
|
Batting: LHB Shane Lynch
|
0-0: Called Strike 0-1: Called Strike 0-2: Strikes out swinging
|
Batting: RHB Germano Labrego
|
0-0: Fly out, F6 (Popup, 6)
|
Bottom of the 1st over - 0 run(s), 0 hit(s), 0 error(s), 0 left on base; Mt Pleasant 1 - Reading 0 |
TOP OF THE 2ND |
Mt Pleasant Bearcats batting - Pitching for Reading Rainbows : LHP Tomás López
|
Batting: RHB Martín Pérez
|
0-0: Called Strike 0-1: Foul Ball, location: 2F 0-2: Foul Ball, location: 2F 0-2: Ball 1-2: Foul Ball, location: 2F 1-2: SINGLE (Groundball, 4M)
|
Batting: SHB Roberto Rivera
|
0-0: Ball 1-0: Foul Ball, location: 2F 1-1: Foul Ball, location: 2F 1-2: Foul Ball, location: 2F 1-2: Foul Ball, location: 2F 1-2: Foul Ball, location: 2F 1-2: Foul Ball, location: 2F 1-2: Ball 2-2: Foul Ball, location: 2F 2-2: Foul Ball, location: 2F 2-2: Foul Ball, location: 2F 2-2: Ball 3-2: Foul Ball, location: 2F 3-2: Base on Balls Martín Pérez to second
|
Batting: RHB Chris Jones
|
0-0: Ball 1-0: Ball 2-0: SINGLE (Line Drive, 8LS) Martín Pérez to third Roberto Rivera to second
|
Batting: LHB Colm Massey
|
0-0: Called Strike 0-1: Ball 1-1: Fly out, F8 (Flyball, 8RM) Runner from 3rd tags up, SCORES, no throw
|
Batting: RHB Yasutoki Kojima
|
0-0: Ball 1-0: Foul Ball, location: 2F 1-1: Swinging Strike 1-2: Strikes out swinging
|
Batting: RHB Ramiro Chávez
|
0-0: Ball 1-0: Ball 2-0: Ball 3-0: Base on Balls Roberto Rivera to third Chris Jones to second
|
Batting: RHB Patrick Potts
|
0-0: Fly out, F3 (Popup, 3SF)
|
Top of the 2nd over - 1 run(s), 2 hit(s), 0 error(s), 3 left on base; Mt Pleasant 2 - Reading 0 |
BOTTOM OF THE 2ND |
Reading Rainbows batting - Pitching for Mt Pleasant Bearcats : LHP Júlio Gracía
|
Batting: RHB Albert Lutz
|
0-0: Called Strike 0-1: Called Strike 0-2: Foul Ball, location: 2F 0-2: Ball 1-2: Ground out 5-3 (Groundball, 5S)
|
Batting: RHB Hubert Brown
|
0-0: Ball 1-0: Called Strike 1-1: Swinging Strike 1-2: Foul Ball, location: 2F 1-2: Ball 2-2: Strikes out swinging
|
Batting: RHB Joe Land
|
0-0: Called Strike 0-1: Called Strike 0-2: Foul Ball, location: 2F 0-2: Ball 1-2: Foul Ball, location: 2F 1-2: Strikes out swinging
|
Bottom of the 2nd over - 0 run(s), 0 hit(s), 0 error(s), 0 left on base; Mt Pleasant 2 - Reading 0 |
TOP OF THE 3RD |
Mt Pleasant Bearcats batting - Pitching for Reading Rainbows : LHP Tomás López
|
Batting: SHB William Hamilton
|
0-0: Called Strike 0-1: Ball 1-1: Ball 2-1: Ball 3-1: Called Strike 3-2: Base on Balls
|
Batting: RHB Ricardo Salazar
|
0-0: Foul Ball, location: 2F 0-1: Ball 1-1: Ball 2-1: Ball 3-1: Base on Balls William Hamilton to second
|
Batting: RHB Martín Pérez
|
0-0: Ball Wild Pitch! William Hamilton to third Ricardo Salazar to second 1-0: Swinging Strike 1-1: Called Strike 1-2: Ball 2-2: Ball 3-2: Foul Ball, location: 2F 3-2: Foul Ball, location: 2F 3-2: Fly out, F9 (Flyball, 9LS)
|
Batting: SHB Roberto Rivera
|
0-0: Ball 1-0: Swinging Strike 1-1: Ball 2-1: Swinging Strike 2-2: Strikes out swinging
|
Pitching: RHP Chris Lee
|
|
Batting: RHB Chris Jones
|
0-0: Called Strike 0-1: Ball 1-1: SINGLE (Groundball, 56D) William Hamilton scores Ricardo Salazar to third Runner from 3rd tries for Home, SAFE, no throw or cutoff
|
Batting: LHB Colm Massey
|
0-0: Ball 1-0: Ground out 4-3 (Groundball, 4)
|
Top of the 3rd over - 2 run(s), 1 hit(s), 0 error(s), 1 left on base; Mt Pleasant 4 - Reading 0 |
BOTTOM OF THE 3RD |
Reading Rainbows batting - Pitching for Mt Pleasant Bearcats : LHP Júlio Gracía
|
Batting: LHB John Hudson
|
0-0: Called Strike 0-1: Called Strike 0-2: Foul Ball, location: 2F 0-2: Strikes out swinging
|
Batting: RHB Donald Sanford
|
0-0: Ball 1-0: Ball 2-0: Ball 3-0: Base on Balls
|
Batting: RHB Louis Smith
|
0-0: Called Strike 0-1: Ball 1-1: Grounds into double play, 5-4-3 (Groundball, 56)
|
Bottom of the 3rd over - 0 run(s), 0 hit(s), 0 error(s), 0 left on base; Mt Pleasant 4 - Reading 0 |
TOP OF THE 4TH |
Mt Pleasant Bearcats batting - Pitching for Reading Rainbows : RHP Chris Lee
|
Batting: RHB Yasutoki Kojima
|
0-0: Ground out 1-3 (Groundball, 15)
|
Batting: RHB Ramiro Chávez
|
0-0: Called Strike 0-1: Ball 1-1: Ground out 4-3 (Groundball, 13)
|
Batting: RHB Patrick Potts
|
0-0: Ball 1-0: Called Strike 1-1: Ball 2-1: Foul Ball, location: 2F 2-2: Foul Ball, location: 2F 2-2: Ball 3-2: Base on Balls
|
Batting: SHB William Hamilton
|
0-0: Called Strike Patrick Potts is caught stealing 2nd base
|
Top of the 4th over - 0 run(s), 0 hit(s), 0 error(s), 0 left on base; Mt Pleasant 4 - Reading 0 |
BOTTOM OF THE 4TH |
Reading Rainbows batting - Pitching for Mt Pleasant Bearcats : LHP Júlio Gracía
|
Batting: LHB Alfonso Ruíz
|
0-0: Ball 1-0: Swinging Strike 1-1: SINGLE (Groundball, 4MD)
|
Batting: LHB Shane Lynch
|
0-0: Called Strike 0-1: Swinging Strike 0-2: Strikes out swinging
|
Batting: RHB Germano Labrego
|
0-0: Ball 1-0: Fly out, F4 (Popup, 4MD)
|
Batting: RHB Albert Lutz
|
0-0: Ball 1-0: Ball 2-0: Foul Ball, location: 2F 2-1: Foul Ball, location: 2F 2-2: Ball 3-2: SINGLE (Line Drive, 7LS) Alfonso Ruíz to second Alfonso Ruíz to third
|
Batting: RHB Hubert Brown
|
0-0: Ball 1-0: Ball 2-0: Called Strike 2-1: Ball 3-1: Foul Ball, location: 2F 3-2: Foul Ball, location: 2F 3-2: Base on Balls Albert Lutz to second
|
Batting: RHB Joe Land
|
0-0: Ball 1-0: Ball 2-0: Ball 3-0: Base on Balls Alfonso Ruíz scores Albert Lutz to third Hubert Brown to second
|
Batting: LHB John Hudson
|
0-0: Ball 1-0: Swinging Strike 1-1: Ball 2-1: Swinging Strike 2-2: Ball 3-2: Strikes out swinging
|
Bottom of the 4th over - 1 run(s), 2 hit(s), 0 error(s), 3 left on base; Mt Pleasant 4 - Reading 1 |
TOP OF THE 5TH |
Mt Pleasant Bearcats batting - Pitching for Reading Rainbows : RHP Chris Lee
|
Batting: SHB William Hamilton
|
0-0: Ball 1-0: Ball 2-0: Ball 3-0: Called Strike 3-1: Base on Balls
|
Batting: RHB Ricardo Salazar
|
0-0: SINGLE (Line Drive, 34D) William Hamilton to second
|
Batting: RHB Martín Pérez
|
0-0: Called Strike 0-1: DOUBLE (Line Drive, 7LM) William Hamilton scores Ricardo Salazar to third
|
Batting: SHB Roberto Rivera
|
0-0: Ball 1-0: Foul Ball, location: 2F 1-1: Foul Ball, location: 2F 1-2: Strikes out swinging
|
Batting: RHB Chris Jones
|
0-0: Ball 1-0: Called Strike 1-1: Swinging Strike 1-2: Strikes out swinging
|
Batting: LHB Colm Massey
|
0-0: Ball 1-0: Foul Ball, location: 2F 1-1: Fly out, F8 (Flyball, 8LM)
|
Top of the 5th over - 1 run(s), 2 hit(s), 0 error(s), 2 left on base; Mt Pleasant 5 - Reading 1 |
BOTTOM OF THE 5TH |
Reading Rainbows batting - Pitching for Mt Pleasant Bearcats : LHP Júlio Gracía
|
Batting: RHB Donald Sanford
|
0-0: Foul Ball, location: 2F 0-1: Called Strike 0-2: Ground out 6-3 (Groundball, 6M)
|
Batting: RHB Louis Smith
|
0-0: Called Strike 0-1: Called Strike 0-2: Ball 1-2: Foul Ball, location: 2F 1-2: Strikes out swinging
|
Batting: LHB Alfonso Ruíz
|
0-0: Ground out 5-3 (Groundball, 56S)
|
Bottom of the 5th over - 0 run(s), 0 hit(s), 0 error(s), 0 left on base; Mt Pleasant 5 - Reading 1 |
TOP OF THE 6TH |
Mt Pleasant Bearcats batting - Pitching for Reading Rainbows : RHP Chris Lee
|
Batting: RHB Yasutoki Kojima
|
0-0: Called Strike 0-1: Called Strike 0-2: Foul Ball, location: 2F 0-2: Ball 1-2: Foul Ball, location: 2F 1-2: Ball 2-2: Foul Ball, location: 2F 2-2: Strikes out swinging
|
Pitching: LHP Robby Hall
|
|
Batting: RHB Ramiro Chávez
|
0-0: SINGLE (Groundball, 6MD)
|
Batting: RHB Patrick Potts
|
0-0: Ball 1-0: Called Strike 1-1: Ball 2-1: Called Strike 2-2: Foul Ball, location: 2F 2-2: Ball 3-2: Base on Balls Ramiro Chávez to second
|
Batting: SHB William Hamilton
|
0-0: Called Strike 0-1: Foul Ball, location: 2F 0-2: Grounds into double play, 4-6-3 (Groundball, 4)
|
Top of the 6th over - 0 run(s), 1 hit(s), 0 error(s), 1 left on base; Mt Pleasant 5 - Reading 1 |
BOTTOM OF THE 6TH |
Reading Rainbows batting - Pitching for Mt Pleasant Bearcats : LHP Júlio Gracía
|
Batting: LHB Shane Lynch
|
0-0: Foul Ball, location: 2F 0-1: Called Strike 0-2: Ball 1-2: Ball 2-2: Foul Ball, location: 2F 2-2: Ball 3-2: Strikes out swinging
|
Batting: RHB Germano Labrego
|
0-0: Ball 1-0: Called Strike 1-1: Ball 2-1: Ball 3-1: Ground out 5-3 (Groundball, 5)
|
Batting: RHB Albert Lutz
|
0-0: Ball 1-0: Ball 2-0: Called Strike 2-1: Ball 3-1: Swinging Strike 3-2: Foul Ball, location: 2F 3-2: Base on Balls
|
Pitching: RHP Carlos Mendoza
|
|
Batting: RHB Hubert Brown
|
0-0: Ball 1-0: Swinging Strike 1-1: Swinging Strike 1-2: Strikes out swinging
|
Bottom of the 6th over - 0 run(s), 0 hit(s), 0 error(s), 1 left on base; Mt Pleasant 5 - Reading 1 |
TOP OF THE 7TH |
Mt Pleasant Bearcats batting - Pitching for Reading Rainbows : LHP Robby Hall
|
Batting: RHB Ricardo Salazar
|
0-0: DOUBLE (Line Drive, 7LM)
|
Batting: RHB Martín Pérez
|
0-0: Called Strike 0-1: Called Strike 0-2: Ball 1-2: Ball 2-2: Foul Ball, location: 2F 2-2: Ball 3-2: Foul Ball, location: 2F 3-2: Strikes out swinging
|
Batting: SHB Roberto Rivera
|
0-0: Foul Ball, location: 2F 0-1: Swinging Strike 0-2: Ball 1-2: Ball 2-2: Fly out, F9 (Flyball, 89M)
|
Batting: RHB Chris Jones
|
0-0: Foul Ball, location: 2F 0-1: Ball 1-1: Ball 2-1: Ball Wild Pitch! Ricardo Salazar to third 3-1: SINGLE (Flyball, 8LS) Ricardo Salazar scores
|
Batting: LHB Colm Massey
|
0-0: Ball 1-0: Ball 2-0: Ball 3-0: Base on Balls Chris Jones to second
|
Batting: RHB Yasutoki Kojima
|
0-0: SINGLE (Flyball, 7S) Chris Jones to third Colm Massey to second
|
Batting: RHB Ramiro Chávez
|
0-0: Called Strike 0-1: Ball 1-1: Called Strike 1-2: Ball 2-2: Ball 3-2: Base on Balls Chris Jones scores Colm Massey to third Yasutoki Kojima to second
|
Batting: RHB Patrick Potts
|
0-0: Ground out 6-3 (Groundball, 6)
|
Top of the 7th over - 2 run(s), 3 hit(s), 0 error(s), 3 left on base; Mt Pleasant 7 - Reading 1 |
BOTTOM OF THE 7TH |
Reading Rainbows batting - Pitching for Mt Pleasant Bearcats : RHP Carlos Mendoza
|
Batting: RHB Joe Land
|
0-0: Ball 1-0: Ball 2-0: Called Strike 2-1: Swinging Strike 2-2: Strikes out swinging
|
Batting: LHB John Hudson
|
0-0: Called Strike 0-1: Ball 1-1: Ball 2-1: Ground out 4-3 (Groundball, 34)
|
Batting: RHB Donald Sanford
|
0-0: Called Strike 0-1: Ball 1-1: Ball 2-1: Ball 3-1: Foul Ball, location: 2F 3-2: Foul Ball, location: 2F 3-2: Foul Ball, location: 2F 3-2: Base on Balls
|
Batting: RHB Louis Smith
|
0-0: Called Strike 0-1: Foul Ball, location: 2F 0-2: Foul Ball, location: 2F 0-2: SINGLE (Line Drive, 4M) Donald Sanford to second
|
Batting: LHB Alfonso Ruíz
|
0-0: Ball 1-0: SINGLE (Flyball, 89S) Donald Sanford to third Louis Smith to second
|
Batting: LHB Shane Lynch
|
0-0: Ball 1-0: Ball 2-0: Called Strike 2-1: Ball 3-1: Called Strike 3-2: Base on Balls Donald Sanford scores Louis Smith to third Alfonso Ruíz to second
|
Batting: RHB Germano Labrego
|
0-0: Called Strike 0-1: Swinging Strike 0-2: Ball 1-2: Foul Ball, location: 2F 1-2: DOUBLE (Flyball, 78XD) Louis Smith scores Alfonso Ruíz scores Shane Lynch to third
|
Batting: RHB Albert Lutz
|
0-0: Called Strike 0-1: Ball 1-1: Foul Ball, location: 2F 1-2: Ball 2-2: Foul Ball, location: 2F 2-2: Strikes out swinging
|
Bottom of the 7th over - 3 run(s), 3 hit(s), 0 error(s), 2 left on base; Mt Pleasant 7 - Reading 4 |
TOP OF THE 8TH |
Mt Pleasant Bearcats batting - Pitching for Reading Rainbows : LHP Robby Hall
|
Pitching: LHP Don Carter
|
|
Batting: SHB William Hamilton
|
0-0: Ground out 1-3 (Groundball, 15)
|
Batting: RHB Ricardo Salazar
|
0-0: Ball 1-0: Ball 2-0: SINGLE (Groundball, 4MD)
|
Batting: RHB Martín Pérez
|
0-0: Ball 1-0: SINGLE (Groundball, 6MD) Ricardo Salazar to second Runner from 2nd tries for 3rd, SAFE, throw made to third
|
Batting: SHB Roberto Rivera
|
0-0: Called Strike 0-1: Ball 1-1: Ball 2-1: Grounds into double play, U6-3 (Groundball, 6M)
|
Top of the 8th over - 0 run(s), 2 hit(s), 0 error(s), 1 left on base; Mt Pleasant 7 - Reading 4 |
BOTTOM OF THE 8TH |
Reading Rainbows batting - Pitching for Mt Pleasant Bearcats : RHP Carlos Mendoza
|
Now at 3B: Luis Maldonado
|
|
Batting: RHB Hubert Brown
|
0-0: Ball 1-0: Foul Ball, location: 2F 1-1: Ball 2-1: SINGLE (Groundball, 13S) (infield hit)
|
Pitching: LHP José Chávez
|
|
Batting: RHB Joe Land
|
0-0: Ball 1-0: Fielders Choice at 2nd, 5-4 (Groundball, 5)
|
Pitching: LHP León Hernández
|
|
Batting: LHB John Hudson
|
0-0: Ball 1-0: Ball 2-0: Called Strike 2-1: Ball 3-1: Base on Balls Joe Land to second
|
Pitching: RHP Troy Parker
|
|
Batting: RHB Donald Sanford
|
0-0: Ball 1-0: Ball 2-0: Called Strike 2-1: Swinging Strike 2-2: Ball 3-2: Base on Balls Joe Land to third John Hudson to second
|
Batting: RHB Louis Smith
|
0-0: Called Strike 0-1: Ball 1-1: Ball 2-1: Swinging Strike 2-2: Foul Ball, location: 2F 2-2: Foul Ball, location: 2F 2-2: Strikes out swinging
|
Pitching: LHP Ed Stevens
|
|
Pinch Hitting: RHB Dan Banks
|
0-0: SINGLE (Groundball, 15S) (infield hit) Joe Land scores John Hudson to third Donald Sanford to second
|
Pinch Hitting: RHB Juan Magdayao
|
0-0: Ball 1-0: Ball 2-0: Called Strike 2-1: Foul Ball, location: 2F 2-2: Ball 3-2: Foul Ball, location: 2F 3-2: Foul Ball, location: 2F 3-2: Ground out 6-3 (Groundball, 56)
|
Bottom of the 8th over - 1 run(s), 2 hit(s), 0 error(s), 3 left on base; Mt Pleasant 7 - Reading 5 |
TOP OF THE 9TH |
Mt Pleasant Bearcats batting - Pitching for Reading Rainbows : LHP Don Carter
|
Now at 3B: Tim Davis
|
|
Now in LF: Dan Banks
|
|
Batting: RHB Chris Jones
|
0-0: Ball 1-0: Ball 2-0: Called Strike 2-1: Ball 3-1: Swinging Strike 3-2: Foul Ball, location: 2F 3-2: Strikes out looking
|
Batting: LHB Colm Massey
|
0-0: Called Strike 0-1: Ball 1-1: Swinging Strike 1-2: Strikes out swinging
|
Batting: RHB Yasutoki Kojima
|
0-0: Swinging Strike 0-1: Ball 1-1: Ground out 4-3 (Groundball, 4M)
|
Top of the 9th over - 0 run(s), 0 hit(s), 0 error(s), 0 left on base; Mt Pleasant 7 - Reading 5 |
BOTTOM OF THE 9TH |
Reading Rainbows batting - Pitching for Mt Pleasant Bearcats : LHP Ed Stevens
|
Pitching: RHP Sancho Mendoza
|
|
Batting: RHB Germano Labrego
|
0-0: Swinging Strike 0-1: Called Strike 0-2: Strikes out swinging
|
Batting: RHB Albert Lutz
|
0-0: Called Strike 0-1: Fly out, F6 (Popup, 6M)
|
Batting: RHB Hubert Brown
|
0-0: Ball 1-0: Ball 2-0: Ball 3-0: Called Strike 3-1: SINGLE (Line Drive, 6D)
|
Pinch Hitting: LHB Richard Henry
|
0-0: Ball 1-0: Swinging Strike 1-1: Foul Ball, location: 2F 1-2: Ball 2-2: Strikes out swinging
|
Bottom of the 9th over - 0 run(s), 1 hit(s), 0 error(s), 1 left on base; Mt Pleasant 7 - Reading 5 |
|